 Dungeon Crawl Stone Soup version 0.16.2-12-gd0ad4c3 (webtiles) character file.

123648 dvd the Imperceptible (level 16, 0/74 HPs)
             Began as a Spriggan Enchanter on Oct 5, 2015.
             Was the Champion of Sif Muna.
             Killed by the raging water
             ... invoked by a water nymph
              (25 damage)
             ... on level 5 of the Shoals on Oct 6, 2015.
             The game lasted 06:03:36 (42866 turns).

dvd the Imperceptible (Spriggan Enchanter)         Turns: 42866, Time: 06:03:36

Health: 0/74       AC:  9    Str:  2    XL:     16   Next: 37%
Magic:  5/41       EV: 35    Int: 23    God:    Sif Muna [******]
Gold:   1818       SH:  8    Dex: 24    Spells: 15 memorised, 3 levels left

rFire  + . .     SeeInvis +     a - +9 dagger (speed)
rCold  . . .     Clarity  .     D - +2 robe {rF+}
rNeg   . . .     SustAb   .     (shield restricted)
rPois  +         Gourm    .     C - +2 hat {SInv}
rElec  .         Spirit   .     u - +2 cloak {MR+}
rCorr  .         Warding  .     (gloves unavailable)
rMut   +         Stasis   .     (boots unavailable)
MR     +++..                    A - amulet of resist mutation
Stlth  ++++++++++               S - +2 ring of slaying
                                x - ring of poison resistance

@: agile, icy shield, flying, studying Air Magic, repel missiles, very quick,
extremely resistant to hostile enchantments, uncannily stealthy
A: unfitting armour, see invisible, herbivore 3, speed 3, slow metabolism 2
a: Channel Energy, Forget Spell, Renounce Religion


You were on level 5 of the Shoals.
You worshipped Sif Muna.
Sif Muna was exalted by your worship.
You were not hungry.

You visited 5 branches of the dungeon, and saw 33 of its levels.
You visited 1 bazaar.

You collected 2968 gold pieces.
You spent 1150 gold pieces at shops.

Inventory:

Hand weapons
 a - a +9 dagger of speed (weapon)
 b - the +10 rapier of Dismemberment {flame, *Rage rF+ MP+9}
   (You found it on level 7 of the Lair of Beasts)

   It has been specially enchanted to burn those struck by it, causing extra
   injury to most foes and up to half again as much damage against particularly
   susceptible opponents.
   It protects you from fire.
   It affects your magic capacity (+9).
   It may make you go berserk in combat.
 j - the +6 short sword of Annoyance {flame, rElec rPois rC- Str+5 SInv}
   (You bought it in a shop in a bazaar)

   It has been specially enchanted to burn those struck by it, causing extra
   injury to most foes and up to half again as much damage against particularly
   susceptible opponents.
   It affects your strength (+5).
   It makes you vulnerable to cold.
   It insulates you from electricity.
   It protects you from poison.
   It enhances your eyesight.
 r - a +2 greatsling of venom
 N - the +10 flail of Scorn {venom, rPois rC+ MR- Int+4}
   (You found it on level 1 of the Lair of Beasts)

   It poisons the flesh of those it strikes.
   It affects your intelligence (+4).
   It protects you from cold.
   It protects you from poison.
   It affects your resistance to hostile enchantments.
Missiles
 m - 149 sling bullets
 M - 73 tomahawks (quivered)
Armour
 u - a +2 cloak of magic resistance (worn)
 C - a +2 hat of see invisible (worn)
 D - a +2 robe of fire resistance (worn)
Magical staves
 f - an uncursed staff of earth
 F - an uncursed staff of cold
Jewellery
 c - an uncursed ring of protection from fire
 l - an uncursed ring of teleportation
 x - a ring of poison resistance (left hand)
 A - an amulet of resist mutation (around neck)
 S - a +2 ring of slaying (right hand)
Magical devices
 d - a wand of cold (11)
 g - a wand of paralysis (13)
 z - a wand of fire (11)
 L - a wand of fire (6)
 O - a wand of invisibility (3)
 R - a wand of fireball (4)
 T - a wand of fire (9)
 W - a wand of magic darts (32)
Scrolls
 k - 2 scrolls of magic mapping
 q - 7 scrolls of teleportation
 E - 5 scrolls of remove curse
 H - 2 scrolls of amnesia
 X - 2 scrolls of enchant armour
Potions
 e - 2 potions of might
 i - 5 potions of curing
 n - 3 potions of magic
 p - a potion of heal wounds
 t - a potion of brilliance
 B - a potion of agility
 G - 3 potions of invisibility
 I - 3 potions of haste
 Z - a potion of cancellation
Books
 s - a Necronomicon {highlevel, unknown}

   This book is beyond your current level of understanding.

   Spells                             Type                      Level
   a - Haunt                          Necromancy/Summoning         7
   b - Borgnjor's Revivification      Necromancy                   8
   c - Death's Door                   Charms/Necromancy            8
   d - Necromutation                  Transmutation/Necromancy     8
 v - Sif Muna's Handbook of Enchantment and Self-Improvement
   (Sif Muna gifted it to you on level 13 of the Dungeon)

   Spells                             Type                      Level
   a - Sure Blade                     Hexes/Charms                 2
   b - Slow                           Hexes                        2
   c - Flight                         Charms/Air                   3
   d - Summon Mana Viper              Hexes/Summoning              5
   e - Darkness                       Hexes                        7
 w - a book of Frost

   Spells                             Type                      Level
   a - Freeze                         Ice                          1
   b - Throw Frost                    Conjuration/Ice              2
   c - Ozocubu's Armour               Charms/Ice                   3
   d - Throw Icicle                   Conjuration/Ice              4
   e - Summon Ice Beast               Ice/Summoning                4
   f - Condensation Shield            Ice                          4
 K - a manual of Air Magic
 P - Sif Muna's Catalogue of Enhancements
   (Sif Muna gifted it to you on level 2 of the Lair of Beasts)

   Spells                             Type                      Level
   a - Infusion                       Charms                       1
   b - Regeneration                   Charms/Necromancy            3
   c - Spectral Weapon                Hexes/Charms                 3
   d - Haste                          Charms                       6
   e - Ring of Flames                 Charms/Fire                  7
 Q - Sif Muna's Almanac of Bewitchment
   (Sif Muna gifted it to you on level 1 of the Shoals)

   Spells                             Type                      Level
   a - Confusing Touch                Hexes                        2
   b - Inner Flame                    Hexes/Fire                   3
   c - Fulminant Prism                Conjuration/Hexes            4
   d - Mass Confusion                 Hexes                        6
 U - a book of Alchemy

   Spells                             Type                      Level
   a - Sublimation of Blood           Necromancy                   2
   b - Alistair's Intoxication        Transmutation/Poison         4
   c - Condensation Shield            Ice                          4
   d - Petrify                        Transmutation/Earth          4
   e - Ignite Poison                  Fire/Transmutation           5
   f - Irradiate                      Conjuration/Transmutation    5
 V - a Grand Grimoire {highlevel}

   This book is beyond your current level of understanding.

   Spells                             Type                      Level
   a - Aura of Abjuration             Summoning                    6
   b - Summon Greater Demon           Summoning                    7
   c - Malign Gateway                 Summoning/Translocation      7
   d - Summon Horrible Things         Summoning                    8
 Y - a book of Battle

   Spells                             Type                      Level
   a - Infusion                       Charms                       1
   b - Shroud of Golubria             Charms/Translocation         2
   c - Song of Slaying                Charms                       2
   d - Spectral Weapon                Hexes/Charms                 3
   e - Regeneration                   Charms/Necromancy            3
Miscellaneous
 y - a plain deck of summoning {Repulsiveness}
Comestibles
 o - 46 fruits
 J - 5 bread rations


   Skills:
 + Level 3.7 Fighting
 + Level 5.7 Short Blades
 + Level 5.1 Slings
 + Level 9.8 Dodging
 + Level 21.3 Stealth
 + Level 17.9 Spellcasting
 + Level 15.4 Hexes
 + Level 9.8 Charms
 + Level 0.5 Summonings
 + Level 1.7 Necromancy
 + Level 2.7 Translocations
 + Level 7.6 Ice Magic
 + Level 2.4 Air Magic
 + Level 2.6 Invocations
 + Level 1.5 Evocations


You had 3 spell levels left.
You knew the following spells:

 Your Spells              Type           Power        Failure   Level  Hunger
a - Spectral Weapon       Hex/Chrm       ######..     1%          3    None
b - Ensorcelled Hibernat  Hex/Ice        ######       1%          2    None
c - Sure Blade            Hex/Chrm       ######....   1%          2    None
d - Confuse               Hex            ######..     0%          3    None
e - Enslavement           Hex            ######..     1%          4    None
f - Regeneration          Chrm/Necr      #####.....   1%          3    None
g - Condensation Shield   Ice            ######....   1%          4    None
h - Tukima's Dance        Hex            ######..     0%          3    None
i - Repel Missiles        Chrm/Air       #####.       1%          2    None
j - Blink                 Tloc           N/A          1%          2    None
k - Flight                Chrm/Air       #####.....   1%          3    None
l - Summon Mana Viper     Hex/Summ       ######..     3%          5    None
m - Ozocubu's Armour      Chrm/Ice       ######..     1%          3    None
n - Mass Confusion        Hex            ######....   1%          6    ####...
o - Shroud of Golubria    Chrm/Tloc      #####.....   1%          2    None


Dungeon Overview and Level Annotations

Branches:
Dungeon (15/15)            Temple (1/1) D:4            Lair (8/8) D:10
 Shoals (5/5) Lair:4       Spider (0/5) Lair:3        Slime (0/6) Lair:6
    Orc (4/4) D:12            Elf (0/3) Orc:4        Vaults (0/5) D:13
 Depths (0/5) D:15

Altars:
Ashenzari
Dithmenos
Elyvilon
Fedhas
Kikubaaqudgha
Makhleb
Nemelex Xobeh
Okawaru
Qazlal
Ru
Sif Muna
Trog
Vehumet
Xom
The Shining One
Beogh
Jiyva

Shops:
D:5 [   D:9 :   D:12 !   Orc:2 ?   Orc:4 :([*   Shoals:1 %

Annotations:
D:14 exclusion: tengu warrior
Shoals:2 Polyphemus


Innate Abilities, Weirdness & Mutations

You are tiny and cannot use many weapons and most armour.
You have supernaturally acute eyesight.
You are a herbivore.
You cover ground extremely quickly.
You need consume almost no food.


Message History

The merfolk javelineer is severely wounded.
Your skin is crawling a little less now.
You hit the merfolk javelineer.
The merfolk javelineer is severely wounded.
The water nymph points at you and mumbles some strange words.
The water rises up and strikes you!
The merfolk javelineer hits you but does no damage.
Your icy armour evaporates.
You barely miss the merfolk javelineer.
The merfolk javelineer is severely wounded.
The merfolk javelineer hits you!
You hit the merfolk javelineer.
The merfolk javelineer is severely wounded.
Your skin stops crawling.
Your icy shield starts to melt.
The water nymph gestures at you while chanting.
The water rises up and strikes you!
The water nymph points at you and mumbles some strange words.
The water rises up and strikes you!
You die...

≈≈≈≈≈≈≈≈≈≈≈≈≈≈≈≈≈≈≈≈≈≈≈≈...#...≈≈
≈≈≈≈≈≈≈≈≈≈≈≈≈≈≈≈≈≈≈≈≈≈≈≈...#≈≈≈≈≈
≈≈≈≈≈≈≈≈≈≈≈≈≈≈≈≈≈≈≈≈≈≈≈≈...#≈≈≈≈≈
≈≈≈≈≈≈≈≈≈≈≈≈≈≈≈≈≈≈≈≈≈≈≈≈≈..≈≈≈≈≈≈
...≈≈)≈≈≈≈≈≈≈≈≈≈≈≈≈≈≈≈≈≈≈..≈≈≈≈≈≈
##..(≈≈≈≈≈≈≈≈≈≈≈≈≈≈≈≈≈≈≈≈..#≈≈≈≈≈
##.≈≈≈≈≈≈≈≈≈≈≈≈≈≈≈≈≈≈≈≈≈..##≈≈##
#...≈≈≈≈≈≈≈≈≈≈≈≈≈≈≈≈≈≈≈m.≈..≈≈≈≈
##..≈≈≈≈≈≈≈...≈≈@≈≈≈≈m≈t..≈≈....≈
#.≈≈≈≈≈≈≈≈≈....≈≈...≈≈≈......≈≈..
#.≈≈≈≈≈≈≈≈≈≈...≈≈≈≈≈≈≈≈≈....≈.≈≈≈
#....≈≈≈≈≈≈≈≈≈≈≈≈≈≈≈≈≈≈≈....(≈≈≈≈
#....)≈≈≈≈≈≈≈≈≈≈≈≈≈≈≈≈)≈≈/....^.≈
#....≈≈≈≈≈≈≈≈≈≈≈≈≈≈≈≈≈≈≈≈≈...)..≈
..≈≈≈≈≈≈...≈≈≈≈≈≈≈≈≈H≈≈≈≈≈≈......
...≈≈≈......≈≈≈≈≈≈≈≈≈≈≈≈≈≈≈≈.....
≈≈≈≈≈...###≈≈≈≈≈≈≈≈≈≈≈≈≈≈≈≈≈≈....


You could see a merfolk javelineer, a griffon (wandering), a snapping turtle and
a water nymph.

Vanquished Creatures
  Saint Roka (Shoals:1)
  A kraken (Shoals:2)
  Rupert (Lair:8)
  Donald (Shoals:5)
  An orc warlord (Orc:4)
  A stone giant (Orc:3)
  The ghost of Juudaz the Impaler, a powerful MfBe of Trog (Orc:4)
  Snorg (Shoals:2)
  3 merfolk javelineers
  2 merfolk impalers
  A fire dragon (D:15)
  2 ogre magi
  Harold (D:12)
  An ice dragon (D:15)
  7 hydras
  An alligator snapping turtle (Shoals:3)
  3 centaur warriors
  2 merfolk aquamancers
  A satyr (Shoals:4)
  A tengu warrior (D:13)
  4 death yaks (Lair:6)
  2 orc high priests (Orc:4)
  Nergalle (Lair:7)
  9 sea snakes
  5 unseen horrors
  2 lindwurms
  10 harpies
  An orc knight (Orc:4)
  2 orc sorcerers
  A wolf spider (Lair:3)
  8 fauns
  3 hill giants
  11 griffons
  3 water nymphs
  16 cyclopes
  6 manticores
  7 sirens
  2 black mambas
  12 komodo dragons
  Psyche (D:10)
  4 centaur skeletons
  3 fire drakes (Lair:6)
  12 spiny frogs
  A yaktaur (D:15)
  9 trolls
  6 polar bears (Lair:8)
  A jumping spider (Lair:3)
  3 wind drakes (Shoals:5)
  24 merfolk
  4 two-headed ogres
  A raiju (Lair:8)
  A raven (D:13)
  3 blink frogs (Lair:6)
  18 slime creatures
  8 snapping turtles
  A two-headed ogre (shapeshifter) (D:14)
  3 basilisks
  A shadow (D:14)
  A vampire (D:13)
  3 water elementals
  2 trapdoor spiders
  2 wyverns
  2 hogs (Shoals:2)
  A deep elf mage (D:14)
  10 hippogriffs
  Eustachio (D:7)
  28 yaks
  A hungry ghost (D:14)
  4 wargs (Lair:8)
  12 wolves
  9 water moccasins
  4 hell hounds (Lair:8)
  12 porcupines
  A spider (Lair:3)
  2 wasps
  25 orc warriors
  A phantom (D:7)
  2 sky beasts
  A necrophage (D:6)
  14 ogres
  6 ice beasts
  An eye of draining (D:10)
  11 black bears
  A boring beetle (Lair:8)
  13 crocodiles
  7 centaurs
  Sigmund (D:5)
  4 big kobolds
  16 giant frogs
  A wyvern zombie (D:11)
  2 killer bees (D:9)
  3 scorpions
  6 wights
  8 jellies
  A troll skeleton (Orc:4)
  An electric eel (D:11)
  8 crimson imps
  3 giant frog zombies
  5 centaur zombies
  2 giant frog skeletons (D:6)
  18 orc priests
  23 hounds
  A lava snake (Lair:8)
  8 worker ants
  10 iguanas
  23 orc wizards
  21 sheep
  A hound zombie (D:9)
  2 hound skeletons
  2 mummies
  15 gnolls
  Robin (D:2)
  15 adders
  40 river rats
  A shadow imp (D:9)
  3 giant mites
  5 orc skeletons (Orc:4)
  3 worms
  An orc zombie (Orc:4)
  2 adder skeletons
  10 giant geckos
  An ooze (D:7)
  143 orcs
  A ball python (D:2)
  15 bats
  A bat skeleton (D:4)
  6 giant cockroaches
  25 goblins
  20 hobgoblins
  13 jackals
  34 kobolds
  10 quokkas
  2 giant newts
  2 giant spores
  14 rats
  5 ballistomycetes
  A fungus (Lair:6)
  6 plants
984 creatures vanquished.

Vanquished Creatures (collateral kills)
  Agnes (Shoals:5)
  Kirke (Shoals:2)
  Aizul (Shoals:2)
  A merfolk aquamancer (Shoals:2)
  A tengu warrior (D:14)
  A satyr (Shoals:4)
  2 sea snakes (Shoals:5)
  An orc knight (Orc:4)
  2 harpies (Shoals:4)
  An orc sorcerer (Orc:4)
  A faun (Shoals:4)
  A manticore (Shoals:2)
  A komodo dragon (Lair:7)
  A fire drake (Lair:6)
  A jumping spider (Lair:3)
  4 merfolk
  A tengu conjurer (D:13)
  A two-headed ogre (D:14)
  A polar bear (Lair:8)
  A raven (D:14)
  4 slime creatures
  A snapping turtle (Shoals:1)
  2 hogs (Shoals:2)
  2 yaks
  6 water elementals
  3 wargs
  3 wolves
  4 orc warriors (Orc:4)
  A black bear (Lair:8)
  9 centaurs
  An ogre (D:14)
  2 killer bees (D:9)
  A warg skeleton (Orc:4)
  2 wights
  4 orc priests
  4 orc wizards
  A kobold (D:13)
  6 sheep
  5 river rats
  28 orcs
  2 goblins (Orc:2)
  A plant (Shoals:3)
117 creatures vanquished.

Vanquished Creatures (others)
  A merfolk javelineer (Shoals:5)
  4 mana vipers
  An orc knight (Orc:4)
  2 sea snakes (Shoals:2)
  2 cyclopes (Shoals:3)
  A faun (Shoals:4)
  A troll (Orc:4)
  3 polar bears (Lair:8)
  2 merfolk
  A blink frog (Lair:6)
  A slime creature (D:14)
  7 dancing weapons
  2 ravens
  8 orc warriors
  A yak (Lair:4)
  4 spectral weapons
  A hog (Shoals:2)
  4 wargs
  A wolf (Lair:8)
  A black bear (Lair:8)
  3 centaurs (D:15)
  An ogre (Shoals:2)
  A giant frog (D:9)
  A wyvern zombie (D:13)
  2 wights
  2 killer bees (D:9)
  A hound (D:9)
  A jelly (D:6)
  An iguana (Lair:3)
  An orc wizard (Orc:2)
  4 sheep
  6 orcs
  A bat skeleton (D:7)
  2 giant spores
  A kobold (D:10)
  A rat (D:6)
  5 fungi
  19 plants
  16 tentacles (Shoals:2)
  600 tentacle segments (Shoals:2)
717 creatures vanquished.

Grand Total: 1818 creatures vanquished

Notes
Turn   | Place    | Note
--------------------------------------------------------------
     0 | D:1      | dvd, the Spriggan Enchanter, began the quest for the Orb.
     0 | D:1      | Reached XP level 1. HP: 9/9 MP: 4/4
   428 | D:1      | Reached XP level 2. HP: 13/13 MP: 5/7
   432 | D:1      | Learned a level 2 spell: Ensorcelled Hibernation
   435 | D:1      | Learned a level 2 spell: Sure Blade
  1076 | D:1      | Reached skill level 5 in Stealth
  1465 | D:2      | Reached skill level 1 in Charms
  1465 | D:2      | Reached XP level 3. HP: 16/16 MP: 3/9
  1999 | D:2      | Noticed Robin
  2196 | D:2      | Learned a level 3 spell: Confuse
  2277 | D:2      | Reached XP level 4. HP: 21/21 MP: 10/13
  2284 | D:2      | Reached skill level 6 in Stealth
  2578 | D:2      | Reached skill level 1 in Ice Magic
  2663 | D:2      | Found a burning altar of Makhleb.
  2717 | D:2      | Reached XP level 5. HP: 18/24 MP: 7/16
  2743 | D:2      | Killed Robin
  3370 | D:3      | Reached XP level 6. HP: 22/29 MP: 6/19
  4011 | D:4      | Found a staircase to the Ecumenical Temple.
  4023 | Temple   | Entered the Ecumenical Temple
  4160 | Temple   | Became a worshipper of Sif Muna the Loreminder
  4286 | D:4      | Reached skill level 7 in Stealth
  4325 | D:4      | Reached skill level 5 in Hexes
  4986 | D:4      | Learned a level 4 spell: Enslavement
  5003 | D:5      | Entered Level 5 of the Dungeon
  5311 | D:5      | Reached XP level 7. HP: 32/32 MP: 12/22
  5400 | D:5      | Found a sacrificial altar of Ru.
  5452 | D:5      | Reached skill level 5 in Spellcasting
  5526 | D:5      | Reached skill level 8 in Stealth
  5619 | D:5      | Found Muvot's Armour Shop.
  5710 | D:5      | Noticed Sigmund
  5771 | D:5      | Found a stormy altar of Qazlal.
  6084 | D:5      | Killed Sigmund
  6084 | D:5      | Acquired Sif Muna's first power
  6602 | D:6      | Reached skill level 1 in Fighting
  6602 | D:6      | Reached XP level 8. HP: 35/37 MP: 25/25
  6612 | D:6      | Reached skill level 1 in Slings
  6670 | D:6      | Noticed a yak
  6674 | D:6      | Noticed a yak
  6675 | D:6      | Noticed a yak
  6677 | D:6      | Killed a yak
  6686 | D:6      | Killed a yak
  6696 | D:6      | Killed a yak
  6696 | D:6      | Acquired Sif Muna's second power
  6696 | D:6      | Reached skill level 9 in Stealth
  7099 | D:6      | Reached XP level 9. HP: 41/41 MP: 23/28
  7250 | D:6      | Reached skill level 10 in Stealth
  8228 | D:7      | Found a shattered altar of Ashenzari.
  8739 | D:7      | Reached skill level 11 in Stealth
  8839 | D:7      | Found an iron altar of Okawaru.
  8946 | D:7      | Noticed Eustachio
  8957 | D:7      | Killed Eustachio
 10949 | D:9      | Noticed a cyclops
 10956 | D:9      | Killed a cyclops
 10956 | D:9      | Reached skill level 12 in Stealth
 10956 | D:9      | Reached XP level 10. HP: 46/46 MP: 31/31
 11702 | D:9      | Found Ifiginie's Book Shop.
 11718 | D:9      | Reached skill level 10 in Spellcasting
 12251 | D:10     | Entered Level 10 of the Dungeon
 12409 | D:10     | Noticed Psyche
 12490 | D:10     | Killed Psyche
 12490 | D:10     | Reached skill level 5 in Dodging
 12504 | D:10     | Acquired Sif Muna's third power
 12627 | D:10     | Reached skill level 13 in Stealth
 12710 | D:10     | Reached skill level 1 in Invocations
 13078 | D:10     | Noticed an unseen horror
 13083 | D:10     | Killed an unseen horror
 13083 | D:10     | Reached skill level 10 in Hexes
 13136 | D:10     | Found a staircase to the Lair.
 13214 | D:10     | Reached XP level 11. HP: 50/50 MP: 22/32
 13314 | D:10     | Reached skill level 5 in Charms
 13362 | D:10     | Reached skill level 14 in Stealth
 14399 | D:11     | Noticed a hill giant
 14408 | D:11     | Killed a hill giant
 15183 | D:12     | Noticed a hill giant
 15198 | D:12     | Killed a hill giant
 15209 | D:12     | Noticed Harold
 15218 | D:12     | Killed Harold
 15249 | D:12     | Found Togg's Distillery.
 15534 | D:12     | Reached skill level 15 in Stealth
 15729 | D:12     | Found a staircase to the Orcish Mines.
 15805 | D:12     | Noticed a hill giant
 15820 | D:12     | Killed a hill giant
 15942 | D:12     | Noticed a five-headed hydra
 15950 | D:12     | Killed a five-headed hydra
 15950 | D:12     | Reached skill level 16 in Stealth
 15950 | D:12     | Reached XP level 12. HP: 56/56 MP: 34/34
 16590 | Lair:1   | Entered Level 1 of the Lair of Beasts
 16947 | Lair:1   | Got a smoking flail
 16948 | Lair:1   | Identified the +10 flail of Scorn {venom, rPois rC+ MR- Int+4} (You found it on level 1 of the Lair of Beasts)
 17372 | Lair:2   | Received a gift from Sif Muna
 17389 | Lair:2   | Identified Sif Muna's Catalogue of Enhancements (Sif Muna gifted it to you on level 2 of the Lair of Beasts)
 17544 | Lair:2   | Learned a level 3 spell: Spectral Weapon
 17793 | Lair:2   | Learned a level 3 spell: Regeneration
 17798 | Lair:2   | Learned a level 4 spell: Condensation Shield
 17976 | Lair:3   | Reached skill level 5 in Ice Magic
 18521 | Lair:3   | Found a hole to the Spider Nest.
 19182 | Lair:4   | Reached skill level 17 in Stealth
 19498 | Lair:4   | Found a staircase to the Shoals.
 20036 | Lair:5   | Noticed a seven-headed hydra
 20060 | Lair:5   | Killed a seven-headed hydra
 20562 | Lair:6   | Found a staircase to the Slime Pits.
 20562 | Lair:6   | Found a viscous altar of Jiyva.
 20775 | Lair:6   | Noticed an eight-headed hydra
 20957 | Lair:6   | Reached XP level 13. HP: 52/59 MP: 0/36
 21753 | Lair:6   | Killed an eight-headed hydra
 22601 | Lair:7   | Received a gift from Sif Muna
 22602 | Lair:7   | Identified Sif Muna's Catalogue of Execration (Sif Muna gifted it to you on level 7 of the Lair of Beasts)
 22607 | Lair:7   | Learned a level 3 spell: Tukima's Dance
 22786 | Lair:7   | Noticed Nergalle
 22794 | Lair:7   | Killed Nergalle
 22794 | Lair:7   | Reached skill level 18 in Stealth
 23047 | Lair:7   | Got a slimy rapier
 23048 | Lair:7   | Identified the +10 rapier of Dismemberment {flame, *Rage rF+ MP+9} (You found it on level 7 of the Lair of Beasts)
 23161 | Lair:8   | Entered Level 8 of the Lair of Beasts
 23732 | Lair:8   | Noticed Rupert
 23814 | Lair:8   | Killed Rupert
 24504 | Lair:8   | Drew Focus: Int increased to 21, Str decreased to 3
 24889 | Lair:8   | Drew Focus: Int increased to 22, Str decreased to 2
 24892 | Lair:8   | Drew Focus: Int increased to 23, Str decreased to 1
 25098 | Lair:8   | Reached skill level 1 in Evocations
 25394 | Lair:8   | Reached skill level 19 in Stealth
 25487 | Lair:8   | Learned a level 2 spell: Repel Missiles
 25490 | Lair:8   | Learned a level 2 spell: Blink
 25853 | Shoals:1 | Entered Level 1 of the Shoals
 25869 | Shoals:1 | Reached XP level 14. HP: 65/65 MP: 28/38
 26343 | D:11     | Reached skill level 1 in Necromancy
 26827 | D:13     | Found a gate to the Vaults.
 27628 | D:13     | Reached skill level 15 in Spellcasting
 27660 | D:13     | Received a gift from Sif Muna
 27661 | D:13     | Identified Sif Muna's Handbook of Enchantment and Self-Improvement (Sif Muna gifted it to you on level 13 of the Dungeon)
 27852 | D:13     | Learned a level 3 spell: Flight
 27858 | D:13     | Learned a level 5 spell: Summon Mana Viper
 27967 | D:13     | Reached skill level 5 in Short Blades
 28561 | D:14     | Reached skill level 1 in Translocations
 29672 | D:14     | Found a sparkling altar of Nemelex Xobeh.
 30009 | D:15     | Entered Level 15 of the Dungeon
 30437 | D:15     | Found a staircase to the Depths.
 31353 | Orc:1    | Entered Level 1 of the Orcish Mines
 32136 | Orc:2    | Found Uppept's Magic Scroll Emporium.
 32174 | Orc:2    | Bought a scroll of enchant weapon for 75 gold pieces
 33071 | Orc:4    | Entered Level 4 of the Orcish Mines
 33348 | Orc:4    | Noticed an orc warlord
 33618 | Orc:4    | Found a staircase to the Elven Halls.
 33627 | Orc:4    | Found an iron altar of Okawaru.
 33649 | Orc:4    | Killed an orc warlord
 33649 | Orc:4    | Reached skill level 20 in Stealth
 33964 | Orc:4    | Found a roughly hewn altar of Beogh.
 34018 | Orc:4    | Reached XP level 15. HP: 46/68 MP: 6/39
 34207 | Orc:4    | Found Shosk's Antique Weapon Boutique.
 34269 | Orc:4    | Found Jedinixe's Book Boutique.
 34331 | Orc:4    | Found Diabom's Antique Armour Boutique.
 34337 | Orc:4    | Noticed Juudaz's ghost (powerful MfBe)
 34734 | Orc:4    | Killed Juudaz's ghost
 34890 | Orc:4    | Found Zora's General Store.
 35593 | D:9      | Bought a book of Frost for 455 gold pieces
 35598 | D:9      | Learned a level 3 spell: Ozocubu's Armour
 35895 | Shoals:1 | Found Chasm's Food Boutique.
 36207 | Shoals:1 | Received a gift from Sif Muna
 36208 | Shoals:1 | Identified Sif Muna's Almanac of Bewitchment (Sif Muna gifted it to you on level 1 of the Shoals)
 36453 | Shoals:1 | Learned a level 6 spell: Mass Confusion
 36956 | Shoals:2 | Noticed Saint Roka
 36979 | Shoals:2 | Noticed Polyphemus
 37004 | Shoals:2 | Noticed Kirke
 37198 | Shoals:2 | Noticed a kraken
 37216 | Shoals:2 | Found a flickering gateway to a bazaar.
 37227 | Bazaar   | Entered a bazaar
 37305 | Bazaar   | Found Ijaelaj's Jewellery Boutique.
 37311 | Bazaar   | Found Unoox's Antique Armour Boutique.
 37321 | Bazaar   | Bought a runed hat for 76 gold pieces
 37335 | Bazaar   | Found Docsotoe's Magic Scroll Emporium.
 37346 | Bazaar   | Found Mous Stran's Antique Weapon Shop.
 37352 | Bazaar   | Found Kiteulin's General Store.
 37385 | Bazaar   | Bought an uncursed ring of poison resistance for 360 gold pieces
 37435 | Bazaar   | Bought a twisted short sword for 184 gold pieces
 37441 | Bazaar   | Identified the +6 short sword of Annoyance {flame, rElec rPois rC- Str+5 SInv} (You bought it in a shop in a bazaar)
 37469 | Shoals:2 | Noticed Snorg
 37490 | Shoals:2 | Noticed Aizul
 37726 | Shoals:2 | Killed Aizul
 37749 | Shoals:2 | Killed Snorg
 38563 | Shoals:1 | Killed Saint Roka
 38731 | Shoals:2 | Reached skill level 1 in Air Magic
 38737 | Shoals:2 | Killed Kirke
 39104 | Shoals:2 | Killed a kraken
 39634 | Shoals:3 | Reached skill level 15 in Hexes
 39900 | Shoals:3 | Reached skill level 21 in Stealth
 40387 | Shoals:3 | Received a gift from Sif Muna
 40393 | Shoals:3 | Learned a level 2 spell: Shroud of Golubria
 40766 | Shoals:4 | Reached XP level 16. HP: 31/72 MP: 7/41
 41725 | Shoals:5 | Entered Level 5 of the Shoals
 41920 | Shoals:5 | Noticed Donald
 42042 | Shoals:5 | Killed Donald
 42042 | Shoals:5 | Reached skill level 5 in Slings
 42134 | Shoals:5 | Noticed Agnes
 42166 | Shoals:5 | Killed Agnes
 42866 | Shoals:5 | Killed from afar by a water nymph

Action                   |  1- 3 |  4- 6 |  7- 9 | 10-12 | 13-15 | 16-18 || total
-------------------------+-------+-------+-------+-------+-------+-------++-------
Melee: Dagger            |    76 |   191 |   206 |   489 |  1186 |   148 ||  2296
       Rapier            |       |       |       |       |     9 |       ||     9
 Fire: Greatsling        |       |    22 |    18 |     9 |   114 |    20 ||   183
Throw: Tomahawk          |       |       |       |     1 |     7 |     1 ||     9
 Cast: Corona            |    10 |    15 |       |       |       |       ||    25
       Ensorcelled Hiber |    32 |    64 |    77 |   161 |   340 |    37 ||   711
       Sure Blade        |     6 |    14 |    37 |   104 |    62 |     7 ||   230
       Confuse           |       |     5 |    30 |    42 |   142 |    23 ||   242
       Enslavement       |       |       |     5 |    25 |   102 |    13 ||   145
       Spectral Weapon   |       |       |       |    11 |     6 |       ||    17
       Regeneration      |       |       |       |    10 |    65 |    13 ||    88
       Condensation Shie |       |       |       |     8 |    57 |     8 ||    73
       Tukima's Dance    |       |       |       |       |    27 |     2 ||    29
       Repel Missiles    |       |       |       |       |     8 |     1 ||     9
       Blink             |       |       |       |       |    43 |     1 ||    44
       Flight            |       |       |       |       |    39 |    16 ||    55
       Summon Mana Viper |       |       |       |       |    20 |     3 ||    23
       Ozocubu's Armour  |       |       |       |       |    24 |    13 ||    37
       Mass Confusion    |       |       |       |       |     6 |     5 ||    11
       Shroud of Golubri |       |       |       |       |     1 |     1 ||     2
Invok: Channel Energy    |       |       |       |    12 |    43 |    15 ||    70
 Abil: Evoke Teleport Co |       |       |       |       |     1 |       ||     1
Evoke: Wand              |       |       |       |     5 |    25 |     2 ||    32
       Deck              |       |       |       |       |     7 |       ||     7
  Use: Scroll            |     1 |       |    16 |    13 |    22 |     2 ||    54
       Potion            |       |       |    12 |    10 |    11 |     4 ||    37
 Stab: Sleeping          |    25 |    53 |    67 |   181 |   252 |    23 ||   601
       Confused          |       |     4 |    17 |    26 |    97 |    15 ||   159
       Paralysed         |       |       |     1 |       |       |       ||     1
       Distracted        |       |       |     1 |     3 |     5 |     1 ||    10
       Invisible         |       |       |       |       |       |     2 ||     2
  Eat: Bread ration      |     1 |     1 |       |     2 |     4 |     1 ||     9
       Pizza             |       |       |     1 |       |     4 |       ||     5
       Royal jelly       |       |       |       |       |     1 |       ||     1
